 Dungeon Crawl Stone Soup version 0.28-a0-461-g2dc4ca5097 (webtiles) character file.

Game seed: 11824736430118226286

61 mathmaestro the Ruffian (level 3, -6/33 (36) HPs)
             Began as a Troll Monk on Sept 13, 2021.
             Mangled by a gnoll (9 damage)
             ... on level 2 of the Dungeon.
             The game lasted 00:02:01 (1580 turns).

mathmaestro the Ruffian (Troll Monk)                Turns: 1580, Time: 00:02:02

HP:   -6/33 (36)    AC:  8    Str: 20    XL:     3   Next: 83%
MP:   2/2           EV: 10    Int:  6    God:
Gold: 91            SH:  0    Dex: 12    Spells: 2/2 levels left

rFire   . . .      SeeInvis .     - Unarmed
rCold   . . .      Faith    .   (no shield)
rNeg    . . .      Spirit   .   a - +0 robe
rPois   .          Reflect  .   (helmet restricted)
rElec   .          Harm     .   (no cloak)
rCorr   .          Rampage  .   (gloves unavailable)
Will    .....                   (boots unavailable)
Stlth   ++........              (no amulet)
HPRegen 1.11/turn               c - +4 ring of protection
MPRegen 0.08/turn               (no ring)

@: drained
A: large, unfitting armour, claws 3, regeneration 1, shaggy fur 1, tough skin 1
a: no special abilities


You were on level 2 of the Dungeon.
You visited 1 branch of the dungeon, and saw 2 of its levels.

You collected 91 gold pieces.

Inventory:

Hand Weapons
 h - a +6 mace
Missiles
 i - 65 stones (quivered)
 j - 45 arrows
 n - a throwing net
 p - 14 poisoned darts
Armour
 a - a +0 robe (worn)
Jewellery
 c - a +4 ring of protection (left claw)
Scrolls
 d - a scroll of teleportation {unknown}
 f - a scroll of fear {unknown}
 g - a scroll of identify {unknown}
 l - a scroll of enchant armour {unknown}
 q - a scroll of fog {unknown}
Potions
 b - a potion of lignification {unknown}
 e - a potion of flight {unknown}
 k - a potion of attraction {unknown}
 m - 2 potions of brilliance {unknown}
 o - a potion of heal wounds {unknown}


   Skills:
 + Level 2.9 Fighting
 + Level 3.0 Dodging
 + Level 1.2 Stealth
 + Level 3.6 Unarmed Combat


You had 2 spell levels left.
You didn't know any spells.
Your spell library contained the following spells:

 Spells                   Type           Power      Damage    Failure   Level
 Inner Flame              Hex/Fire       0%         N/A       83%         3
 Cause Fear               Hex            0%         N/A       99%         4
 Fulminant Prism          Conj/Hex       0%         3d6       99%         4
 Iskenderun's Mystic Bla  Conj/Tloc      0%         2d3       99%         4
 Lee's Rapid Deconstruct  Erth           0%         3d5*      100%        5
 Discord                  Hex            0%         N/A       100%        8


Dungeon Overview and Level Annotations

Branches:
Dungeon (2/15)

Altars:


Innate Abilities, Weirdness & Mutations

You are too large for most types of armour.
You have claws for hands.
Your natural rate of healing is unusually fast.
You are covered in fur. (AC +1)
You have tough skin. (AC +1)


Message History

Found a stone staircase leading down.
Found a stone staircase leading down and a stone staircase leading up.
You now have 90 gold pieces (gained 3).
There is a stone staircase leading down here.
You now have 91 gold pieces (gained 1).
q - a scroll labelled TOP XERGHIARUA 3 gnolls come into view.
The gnoll shouts! x2
There are monsters nearby!
You barely miss the gnoll. The gnoll hits you with a +0 flail.
You scratch the gnoll.
The gnoll is lightly wounded.
The gnoll hits you with a +0 flail.
You barely miss the gnoll.
The gnoll is lightly wounded.
The gnoll closely misses you. The gnoll misses you.
You scratch the gnoll. You claw the gnoll!
You kill the gnoll!
The gnoll barely misses you.
Your Dodging skill increases to level 3!
The gnoll closely misses you. The gnoll barely misses you.
Things that are here:
a +0 flail; a gnoll corpse You closely miss the gnoll.
The gnoll hits you from afar with a +0 halberd!
The gnoll misses you.
You claw the gnoll!
The gnoll is almost dead.
The gnoll hits you from afar with a +0 halberd!
The gnoll hits you with a +0 spear.
You closely miss the gnoll.
The gnoll is almost dead.
The gnoll hits you from afar with a +0 halberd!
* * * LOW HITPOINT WARNING * * *
The gnoll hits you with a +0 spear.
* * * LOW HITPOINT WARNING * * *
You scratch the gnoll but do no damage.
The gnoll is almost dead.
The gnoll hits you from afar with a +0 halberd!
You die...

#.#.# #.#.#.#.#
#.#.#.#.# #.#.#.#.#
#####.#.#.#.#
#..>..#.#.#.#
#.#<....#.#g#
#.#.....#.#g#
#####.#...#...#@#
#....>###.#####.#
#.#.............#
#.#.#####.#####.#
#.#.# #.# #.# #.#.#
#.########## #.#.#
#..........#
##.#.#############.##
............#....#.#


You could see 2 gnolls.

Vanquished Creatures
  A gnoll (D:2)
  2 worms (D:2)
  3 dart slugs
  A ball python (D:2)
  2 bats (D:2)
  4 endoplasms
  4 giant cockroaches
  6 goblins
  3 hobgoblins
  2 jackals (D:1)
  3 kobolds (D:1)
  A frilled lizard (D:1)
  2 rats (D:1)
34 creatures vanquished.

Notes
Turn   | Place    | Note
-------+----------+-------------------------------------------
     0 | D:1      | mathmaestro the Troll Monk began the quest for the Orb.
     0 | D:1      | Reached XP level 1. HP: 22/22 MP: 0/0
   117 | D:1      | Reached XP level 2. HP: 26/29 MP: 1/1
   312 | D:1      | Found a faded altar of an unknown god.
   913 | D:2      | Reached XP level 3. HP: 36/36 MP: 2/2
  1580 | D:2      | Mangled by a gnoll

Illustrated notes

Levels and vault maps discovered:
D:1:      mrwooster_arrival_statue_3, layout_basic,
          ebering_ecumenical_altar_petrified
D:2:      layout_basic

Skill      XL: |  1  2  3 |
---------------+----------+-----
Dodging        | 3 |  3.0
Fighting       | |  2.9
Stealth        | |  1.2
Unarmed Combat | |  3.6

Action                   || total
-------------------------++-------
Melee: Unarmed           ||    76
       Punch             ||     2
 Stab: Sleeping          ||     3
Armor: Robe              ||    24
Dodge: Dodged            ||    31

Table legend: (Time is in decaauts)
 A = Elapsed time spent in this place.
 B = Non-inter-level travel time spent in this place.
 C = Inter-level travel time spent in this place.
 D = Time resting spent in this place.
 E = Time spent auto-exploring this place.
 F = Levels seen in this place.
 G = Mean time per level.
                   A        B        C        D        E       F      G
               +--------+--------+--------+--------+--------+-----+--------+
         Total |   1575 |   1555 |     20 |      0 |   1330 |   2 |  787.5 |
       Dungeon |   1575 |   1555 |     20 |      0 |   1330 |   2 |  787.5 |
               +--------+--------+--------+--------+--------+-----+--------+

Top non-repeatable levels by time:
     D:1: 899 daAuts
     D:2: 675 daAuts
